 Dungeon Crawl Stone Soup version 0.17.0-28-g6e173f8 (webtiles) character file.

81 M4edhros the Sneak (level 4, -1/35 HPs)
             Began as an Octopode Wanderer on Nov 26, 2015.
             Slain by a jackal (2 damage)
             ... on level 3 of the Dungeon.
             The game lasted 00:02:00 (1113 turns).

M4edhros the Sneak (Octopode Wanderer)              Turns: 1113, Time: 00:02:00

Health: -1/35      AC:  1    Str: 11    XL:     4   Next: 42%
Magic:  4/4        EV: 11    Int: 15    God:
Gold:   77         SH:  0    Dex: 11    Spells: 0 memorised, 3 levels left

rFire  . . .     SeeInvis .     b - +2 blowgun
rCold  . . .     Clarity  .     (no shield)
rNeg   . . .     SustAt   .     (helmet restricted)
rPois  .         Gourm    .     (no amulet)
rElec  .         Spirit   .     m - ring of protection from magic
rCorr  .         Warding  .     p - ring of flight
rMut   .         Stasis   .     (no ring)
MR     +....                    (no ring)
Stlth  ++++......               (no ring)
                                (no ring)
                                (no ring)
                                (no ring)

@: somewhat resistant to hostile enchantments, stealthy
A: almost no armour, amphibious, 8 rings, constrict 8, camouflage 1, gelatinous
body 1
a: Evoke Flight


You were on level 3 of the Dungeon.
You were hungry.

You visited 1 branch of the dungeon, and saw 3 of its levels.

You collected 77 gold pieces.

Inventory:

Hand Weapons
 b - a +2 blowgun (weapon)
 c - a +0 falchion
 j - a +0 hunting sling
Missiles
 a - a curare-tipped needle (quivered)
 o - 13 stones
Jewellery
 m - a ring of protection from magic (left tentacle)
 p - a ring of flight (right tentacle)
Scrolls
 f - a scroll of amnesia {unknown}
 g - a scroll of enchant armour {unknown}
 h - 2 scrolls of magic mapping {unknown}
 i - a scroll of identify {unknown}
 q - a scroll of blinking {unknown}
Comestibles
 e - 2 bread rations
 k - a meat ration
 l - 2 fruits


   Skills:
 - Level 5.0 Fighting
 - Level 1.0 Long Blades
   Level 1.0 Crossbows
 - Level 1.0 Throwing
 + Level 5.9 Stealth
   Level 1.0 Shields


You had 3 spell levels left.
You didn't know any spells.

Dungeon Overview and Level Annotations

Branches:
Dungeon (3/15)

Altars:


Innate Abilities, Weirdness & Mutations

You cannot wear most types of armour.
You are amphibious.
You can wear up to eight rings at the same time.
You can use your tentacles to constrict eight enemies at once.
Your skin changes colour to match your surroundings (Stealth).
Your rubbery body absorbs attacks (AC +1).


Message History

The jackal is severely wounded.
You kill the jackal!
The jackal closely misses you.
Firing (i - inventory. (,) - cycle):
a - 3 curare-tipped needles (quivered)
Press: ? - help, Shift-Dir - straight line, f - jackal
Aim: a jackal You shoot a curare-tipped needle.
The curare-tipped needle barely misses the jackal.
The curare-tipped needle hits the hound skeleton.
The jackal bites you but does no damage.
The jackal closely misses you.
Firing (i - inventory. (,) - cycle):
a - 2 curare-tipped needles (quivered)
Press: ? - help, Shift-Dir - straight line, f - orc, p - jackal
Aim: an orc, wielding a hand axe and wearing a scale mail You shoot a curare-tipped needle.
The curare-tipped needle closely misses the jackal.
The curare-tipped needle hits the hound skeleton.
The jackal bites you but does no damage.
The jackal bites you.
You die...

##.... ......
#....## #......
#.....# #.....#
#.....##.#.#
#....@.....#
#..Zh###...#
#...o# .# .
##....## ...
#......####o....
+.....(.).Zo....
#......####h....
#......# ...
#.....!# .


You could see an orc, a jackal and a hound skeleton.

Vanquished Creatures
  An orc priest (D:3)
  A gnoll (D:1)
  A worm (D:2)
  3 orcs (D:3)
  A giant cockroach (D:2)
  2 goblins
  A hobgoblin (D:3)
  12 jackals
  2 kobolds (D:1)
  5 bats
  4 rats
33 creatures vanquished.

Notes
Turn   | Place    | Note
--------------------------------------------------------------
     0 | D:1      | M4edhros the Octopode Wanderer began the quest for the Orb.
     0 | D:1      | M4edhros set off with: 4 curare-tipped needles, a +2 blowgun, a +0 falchion, a scroll of teleportation, a bread ration
     0 | D:1      | Reached XP level 1. HP: 18/18 MP: 1/1
   262 | D:1      | Reached XP level 2. HP: 16/24 MP: 2/2
   514 | D:2      | Reached XP level 3. HP: 14/29 MP: 3/3
  1039 | D:3      | Reached skill level 5 in Stealth
  1039 | D:3      | Reached XP level 4. HP: 13/35 MP: 4/4
  1107 | D:3      | HP: 1/35 [jackal (3)]
  1113 | D:3      | Slain by a jackal

Action                   |  1- 3 |  4- 6 || total
-------------------------+-------+-------++-------
Melee: Falchion          |    63 |    17 ||    80
 Fire: Blowgun           |       |     3 ||     3
  Use: Potion            |     3 |       ||     3
       Scroll            |     1 |       ||     1
 Stab: Sleeping          |     3 |       ||     3
